 Dungeon Crawl Stone Soup version 0.18-a0-1805-g8ab820f (webtiles) character file.

7 M4edhros the Insei (level 2, 0/15 HPs)
             Began as a Vine Stalker Transmuter on Apr 25, 2016.
             Succumbed to an adder's poison
             ... on level 2 of the Dungeon.
             The game lasted 00:01:23 (250 turns).

M4edhros the Insei (Vine Stalker Transmuter)         Turns: 250, Time: 00:01:23

Health: 0/15       AC:  4    Str: 14    XL:     2   Next: 4%
Magic:  2/6        EV: 12    Int: 13    God:
Gold:   23         SH:  0    Dex: 14    Spells: 1 memorised, 4 levels left

rFire  . . .     SeeInvis .       - Unarmed
rCold  . . .     Gourm    .     b - +0 robe
rNeg   . . .     Faith    .     (no shield)
rPois  .         Spirit   +     (no helmet)
rElec  .         Dismiss  .     (no cloak)
rCorr  .         Reflect  .     (no gloves)
SustAt .         Harm     .     (no boots)
MR     .....                    (no amulet)
Stlth  +.........               (no ring)
                                (no ring)

@: lethally poisoned (0 -> -4), very slightly contaminated, invisible, not
resistant to hostile enchantments, very unstealthy
A: fangs 2, thin metallic scales 1, regeneration 1, robust 1, strong 1, magic
shield, antimagic bite, no device heal 3, rot immunity
a: no special abilities


You were on level 2 of the Dungeon.
You were not hungry.

You visited 1 branch of the dungeon, and saw 2 of its levels.

You collected 23 gold pieces.

Inventory:

Missiles
 a - 12 arrows
Armour
 b - a +0 robe (worn)
Scrolls
 h - a scroll of immolation {unknown}
Books
 c - a book of Changes

   Spells                             Type                      Level
   a - Beastly Appendage              Transmutation                1
   b - Sticks to Snakes               Transmutation                2
   c - Spider Form                    Transmutation/Poison         3
   d - Ice Form                       Ice/Transmutation            4
   e - Blade Hands                    Transmutation                5
Comestibles
 d - a bread ration


   Skills:
 - Level 0.8 Fighting
 - Level 1.5 Dodging
 + Level 3.5 Unarmed Combat
 - Level 2.1 Spellcasting
 - Level 2.0 Transmutations


You had 4 spell levels left.
You knew the following spells:

 Your Spells              Type           Power        Failure   Level  Hunger
a - Beastly Appendage     Trmt           #.....       12%         1    ##.....


Dungeon Overview and Level Annotations

Branches:
Dungeon (2/15)

Altars:


Innate Abilities, Weirdness & Mutations

You have extremely sharp teeth.
Your natural rate of healing is unusually fast.
When hurt, damage is shared between your health and your magic reserves.
Your bite disrupts and absorbs the magic of your enemies.
Potions and wands cannot restore your health.
You are immune to rotting.
You are partially covered in thin metallic scales (AC +2).
You are robust (+10% HP).
Your muscles are strong. (Str +2)


Message History

You feel stronger.
Thin metallic scales grow over part of your body.
You feel robust. The adder barely misses you.
Drink which item? (? for menu, Esc to quit)
It was a potion of heal wounds.
That seemed strangely inert.
The adder closely misses you. The adder bites you.
* * * LOW HITPOINT WARNING * * *
You aren't carrying any items that you can evoke.
Drink which item? (? for menu, Esc to quit)
It was a potion of invisibility.
You fade into invisibility!
You feel sick. The adder bites you.
* * * LOW HITPOINT WARNING * * *
You are lethally poisoned!
The adder poisons you!
You are very lightly contaminated with residual magic.
* * * LOW HITPOINT WARNING * * *
You feel sick.
You die...

# # ####.#### .#
#.......# #.##
#@###...###
#..........
#..S##.##..#
#.......!..!
#.#####...##.##..#
#........#.# ..
######.#.##.# .#
#.#.# #.# # #.#.#
##


You could see an adder.

Vanquished Creatures
  A giant gecko (D:1)
  A giant cockroach (D:1)
  3 jackals (D:1)
5 creatures vanquished.

Notes
Turn   | Place    | Note
--------------------------------------------------------------
     0 | D:1      | M4edhros the Vine Stalker Transmuter began the quest for the Orb.
     0 | D:1      | Reached XP level 1. HP: 9/9 MP: 4/4
   205 | D:1      | Reached XP level 2. HP: 10/14 MP: 4/6
   245 | D:2      | Gained mutation: Your muscles are strong. (Str +2) [potion of mutation]
   245 | D:2      | Gained mutation: You are partially covered in thin metallic scales (AC +2). [potion of mutation]
   245 | D:2      | Gained mutation: You are robust (+10% HP). [potion of mutation]
   250 | D:2      | Succumbed to an adder's poison

Vault maps used:
D:1:      lemuel_arrival_funnel
D:2:      nicolae_overflow_hidden_temple, makhleb_heckhound_becter,
          okawaru_metal_pillars_1_2

Action                   || total
-------------------------++-------
Melee: Unarmed           ||    53
       Bite              ||    11
  Use: Potion            ||     3
Armor: Robe              ||    22
Dodge: Dodged            ||    48
